 Dungeon Crawl Stone Soup version 0.22.1-2-g9c5b331383 (webtiles) character file.

105 Marnok the Shooter (level 4, 0/37 HPs)
             Began as a Centaur Hunter on Nov 21, 2018.
             Slain by a gnoll (7 damage)
             ... on level 2 of the Dungeon.
             The game lasted 00:10:53 (1055 turns).

Marnok the Shooter (Centaur Hunter)                 Turns: 1055, Time: 00:10:54

Health: 0/37       AC:  5    Str: 15    XL:     4   Next: 54%
Magic:  4/4        EV:  6    Int: 10    God:
Gold:   89         SH:  6    Dex: 10    Spells: 3/3 levels left

rFire    . . .     SeeInvis .   j - +1 spear (pierce)
rCold    . . .     Gourm    .   q - +0 shield
rNeg     . . .     Faith    .   c - +0 leather armour
rPois    .         Spirit   .   k - +0 helmet
rElec    .         Reflect  .   (no cloak)
rCorr    .         Harm     .   (no gloves)
MR       .....                  (no barding)
Stlth    +.........             (no amulet)
HPRegen  0.12/turn              (no ring)
MPRegen  0.09/turn              (no ring)

@: very quick
A: large, hooves 3, deformed body, speed 2, tough skin 3
a: no special abilities


You were on level 2 of the Dungeon.
You were not hungry.

You visited 1 branch of the dungeon, and saw 3 of its levels.

You collected 89 gold pieces.

Inventory:

Hand Weapons
 a - a +1 shortbow
 b - a +0 short sword
 g - a +2 hunting sling of velocity
 j - a +1 spear of piercing (weapon)
 m - a +0 dagger of venom
 n - a +0 hunting sling
Missiles
 d - 9 arrows
 l - 47 stones (quivered)
Armour
 c - a +0 leather armour (worn)
 e - a +0 scale mail
 k - a +0 helmet (worn)
 p - a +0 chain mail
 q - a +0 shield (worn)
Jewellery
 i - an uncursed ring of attention
 s - an uncursed ring of flight {unknown}
Scrolls
 h - 3 scrolls of identify
 o - a scroll of amnesia {unknown}
Potions
 r - 2 potions of ambrosia {unknown}
Comestibles
 f - a ration


   Skills:
 + Level 2.9 Fighting
 + Level 0.5 Polearms
 + Level 6.8 Bows
 + Level 0.6 Armour
 + Level 1.6 Dodging
 + Level 0.4 Stealth


You had 3 spell levels left.
You didn't know any spells.
Your spell library was empty.

Dungeon Overview and Level Annotations

Branches:
Dungeon (3/15)

Altars:
Nemelex Xobeh
Okawaru


Innate Abilities, Weirdness & Mutations

You have hooves in place of feet.
Armour fits poorly on your strangely shaped body.
You cover ground very quickly.
You have extremely tough skin. (AC +3)


Message History

You miss the goblin. You kick the goblin.
You kill the goblin!
The gnoll hits you from afar with a spear.
The gnoll hits you.
Your shield prevents you from hitting the gnoll.
Your kick misses the gnoll.
The gnoll hits you from afar with a spear!
You block the gnoll's attack. x2
You barely miss the gnoll. You kick the gnoll.
The gnoll is heavily wounded.
The gnoll hits you but does no damage. You block the gnoll's attack.
You closely miss the gnoll.
The gnoll is heavily wounded.
You block the gnoll's attack. The gnoll barely misses you.
You completely miss the gnoll.
The gnoll is heavily wounded.
The gnoll hits you!
* * * LOW HITPOINT WARNING * * *
The gnoll barely misses you. The gnoll hits you!
You die...

#.#.#..
#..#.......≈≈≈.8.#
# .##..
##.#.#.....≈(≈...#
..# ###.
#...#############
########.#...# #
...........#.# .#
..<...######.# ..#
......# #.# .>(#
......#
##.#####g...#
......#
#.....@gg...#
......#
#..#####g...#
._....# #...# ...#
......####.#.. ..#
..##.#.......# ##
..##...#.##...
..............
####.#..# ###
........#


You could see 4 gnolls.

Vanquished Creatures
  A gnoll (D:1)
  4 adders
  A worm (D:2)
  2 leopard geckos
  3 orcs (D:2)
  2 giant cockroaches
  8 goblins
  8 hobgoblins
  8 kobolds
  A quokka (D:2)
  6 bats
  3 frilled lizards (D:1)
  4 rats
51 creatures vanquished.

Notes
Turn   | Place    | Note
-------+----------+-------------------------------------------
     0 | D:1      | Marnok the Centaur Hunter began the quest for the Orb.
     0 | D:1      | Reached XP level 1. HP: 17/17 MP: 1/1
   112 | D:1      | Reached XP level 2. HP: 20/24 MP: 2/2
   175 | D:1      | Reached skill level 6 in Bows
   175 | D:1      | Reached XP level 3. HP: 17/30 MP: 3/3
   221 | D:2      | Found a sparkling altar of Nemelex Xobeh.
   530 | D:2      | Reached XP level 4. HP: 20/37 MP: 4/4
   998 | D:2      | Found an iron altar of Okawaru.
  1055 | D:2      | Slain by a gnoll

Skill      XL: |  1  2 |
---------------+-------+-----
Bows           | 6 |  6.8
Fighting       | |  2.9
Polearms       | |  0.5
Armour         | |  0.6
Dodging        | |  1.6
Stealth        | |  0.4

Action                   |  1- 3 |  4- 6 || total
-------------------------+-------+-------++-------
Melee: Spear             |    26 |    32 ||    58
       Kick              |     4 |     6 ||    10
 Fire: Shortbow          |    62 |    11 ||    73
       Hunting sling     |       |     3 ||     3
  Use: Potion            |     2 |     3 ||     5
       Scroll            |       |     2 ||     2
Armor: Leather armour    |    27 |    11 ||    38
Dodge: Dodged            |    28 |    16 ||    44
Block: Shield            |       |     5 ||     5
